 Dungeon Crawl Stone Soup version 0.31.0-1-g2c135a008e (webtiles) character file.

Game seed: 6193173155370224874

555 qw the Shooter (level 7, 0/52 HPs)
             Began as a Djinni Hunter on Jan 23, 2024.
             Slain by a gnoll bouda
             ... wielding a +0 whip
              (2 damage)
             ... on level 5 of the Dungeon.
             The game lasted 00:00:13 (3484 turns).

qw the Shooter (Djinni Hunter)                      Turns: 3484, Time: 00:00:14

Health: 0/52       AC:  9    Str: 10    XL:     7   Next: 55%
Gold:   258        EV: 11    Int: 11    God:
                   SH:  0    Dex: 18

rFire   + + .        a - +1 shortbow
rCold   x . .        (shield currently unavailable)
rNeg    . . .        h - +0 ring mail
rPois   inf          (no helmet)
rElec   .            (no cloak)
rCorr   .            (no gloves)
SInv    .            (boots unavailable)
Will    .....        (no amulet)
Stlth   +            b - +4 ring of protection
HPRegen 0.28/turn    (no ring)
MPRegen 0.00/turn

%: infuse magic (-1 HP)
@: flying
A: sickness immunity, fire resistance 2, cold vulnerability 1, float, innate
caster, HP casting, extra vitality 1
a: no special abilities


You were on level 5 of the Dungeon.
You visited 1 branch of the dungeon, and saw 5 of its levels.

You collected 258 gold pieces.


Innate Abilities, Weirdness & Mutations

You are immune to sickness and miasma.
You are immune to poison.
Your flesh is very heat resistant. (rF++)
You are vulnerable to cold. (rC-)
You float through the air rather than walking.
You learn spells naturally, not from books.
Your magical power is your life essence.
You have superior vitality. (+4 MHP)


   Skills:
 - Level 4.1 Fighting
 + Level 6.0 Ranged Weapons
 - Level 1.3 Armour
 - Level 3.0 Dodging
 - Level 0.7 Stealth


You knew the following spells:

 Your Spells              Type           Power      Damage    Failure   Level
a - Freeze                Ice            0%         1d3       65%         1
b - Call Imp              Summ           0%         N/A       80%         2
c - Jinxbite              Hex            0%         N/A       80%         2
Your spell library was empty.

Inventory:

Hand Weapons
 a - a +1 shortbow (weapon)
Armour
 h - a +0 ring mail (worn)
Jewellery
 b - a +4 ring of protection (left hand)
Scrolls
 d - a scroll of identify
Potions
 c - a potion of might
 e - a potion of lignification {unknown}
 g - a potion of cancellation

Dungeon Overview and Level Annotations

Branches:
Dungeon (5/15)
 Temple: D:4-7

Altars:
Ru
Yredelemnul

Shops:
D:2 [


Message History

You shoot an arrow. The arrow misses the water moccasin.
The arrow barely misses the gnoll.
The water moccasin barely misses you. The water moccasin bites you.
You shoot an arrow.
The arrow closely misses the water moccasin.
The arrow closely misses the gnoll.
The water moccasin barely misses you.
You shoot an arrow. The arrow hits the water moccasin.
The water moccasin is severely wounded.
The water moccasin bites you! The water moccasin bites you.
You shoot an arrow. The arrow misses the water moccasin.
The arrow closely misses the gnoll.
The water moccasin completely misses you.
The water moccasin bites you!
You shoot an arrow. The arrow hits the water moccasin!
You kill the water moccasin!
Your Ranged Weapons skill increases to level 6!
You shoot an arrow. The arrow hits the gnoll.
The gnoll is lightly wounded.
The gnoll barely misses you. The gnoll hits you but does no damage.
You shoot an arrow. The arrow closely misses the gnoll.
A gnoll bouda comes into view. It is wielding a +0 whip.
The gnoll hits you with a +0 club.
You shoot an arrow. The arrow hits the gnoll!
The gnoll is severely wounded.
The gnoll bouda gazes fiercely through you!
You feel your attacks grow feeble.
You hear a shout!
You shoot an arrow. The arrow hits the gnoll bouda!
The gnoll bouda is moderately wounded.
You hear a shout!
You shoot an arrow. The arrow hits the gnoll bouda.
The gnoll bouda is heavily wounded.
The gnoll bouda hits you with a +0 whip.
The gnoll bouda hits you with a +0 whip!
You shoot an arrow. The arrow hits the gnoll bouda.
The gnoll bouda is severely wounded.
Your attacks no longer feel as feeble.
The gnoll bouda hits you with a +0 whip.
You die...

............... ..
..####....####. .. .
#......... ..
#...###### #g #...#
#S ########..># #.
#..........#
######?##.##########
#.....gg@...#
#.###.###.#.# #
#..... ........
.##.##.## #. .# ...
.. .# ## .. .


You could see a gnoll bouda and a gnoll.

Vanquished Creatures
  A water moccasin (D:5)
  2 scorpions
  An orc priest (D:4)
  A hound (D:4)
  An iguana (D:5)
  4 orc wizards
  A gnoll (D:5)
  5 adders
  2 dart slugs
  A ribbon worm (D:4)
  14 orcs
  7 ball pythons
  3 bats
  5 endoplasms
  4 giant cockroaches
  5 hobgoblins
  2 jackals (D:5)
  A quokka (D:3)
  6 frilled lizards
  3 goblins
  7 kobolds
  4 rats
80 creatures vanquished.

Notes
Turn   | Place    | Note
-------+----------+-------------------------------------------
     0 | D:1      | qw the Djinni Hunter began the quest for the Orb.
     0 | D:1      | Reached XP level 1. HP: 18/18 MP: 0/0
     0 | D:1      | 0 ||| qw: Version: 0.3-a-134-g2ba4250
     0 | D:1      | 0 ||| qw: Game counter: 689
     0 | D:1      | 0 ||| qw: Melee chars always use a shield: true
     0 | D:1      | 0 ||| qw: God list: Okawaru
     0 | D:1      | 0 ||| qw: Allow faded altars: false
     0 | D:1      | 0 ||| qw: Do Orc after clearing Dungeon:15 true
     0 | D:1      | 0 ||| qw: Do second Lair branch before Depths: true
     0 | D:1      | 0 ||| qw: Lair rune preference: random
     0 | D:1      | 0 ||| qw: Goals: Normal
     0 | D:1      | 0 ||| PLANNING D:1-11
   313 | D:1      | Reached XP level 2. HP: 23/23 MP: 0/0
   647 | D:1      | 647 ||| UPGRADING to +0 ring mail.
   657 | D:1      | 657 ||| DROPPING +0 leather armour.
   658 | D:1      | 658 ||| READING scroll labelled WAWOUFFE MIESY.
   759 | D:1      | 759 ||| READING 2 scrolls labelled XIWUGEQ FAENUFUI.
   760 | D:1      | 760 ||| READING scroll labelled GELIXKIHIT.
   760 | D:1      | 760 ||| IDENTIFYING fizzy brown potion
   761 | D:1      | 761 ||| DROPPING scroll of butterflies.
   762 | D:1      | 762 ||| DROPPING scroll of poison.
   763 | D:1      | 763 ||| DROPPING potion of degeneration.
   810 | D:2      | Found Notaympo's Antique Armour Boutique.
   828 | D:2      | Reached skill level 4 in Ranged Weapons
   828 | D:2      | Reached XP level 3. HP: 26/28 MP: 0/0
   828 | D:2      | Learned a level 1 spell: Freeze
   838 | D:2      | 838 ||| SHOPLISTING cloak (112 gold, have 61).
   838 | D:2      | 838 ||| SHOPLISTING distressingly furry leather armour (175
                  | gold, have 61).
  1142 | D:2      | Reached skill level 1 in Armour
  1148 | D:2      | Reached XP level 4. HP: 15/33 MP: 0/0
  1469 | D:2      | 1469 ||| READING 2 scrolls of identify.
  1469 | D:2      | 1469 ||| IDENTIFYING ruby potion
  1470 | D:2      | 1470 ||| READING scroll of identify.
  1470 | D:2      | 1470 ||| IDENTIFYING fizzy emerald potion
  1471 | D:2      | 1471 ||| READING scroll labelled YKAMPYUFUJ.
  1472 | D:2      | 1472 ||| DRINKING 2 red potions.
  1759 | D:3      | Reached skill level 3 in Fighting
  1766 | D:3      | 1766 ||| DRINKING potion of curing.
  1766 | D:3      | 1766 ||| (to cure confusion)
  1771 | D:3      | HP: 4/35 [orc/+0 flail (7)]
  1772 | D:3      | Reached XP level 5. HP: 4/40 MP: 0/0
  1772 | D:3      | Learned a level 2 spell: Call Imp
  1772 | D:3      | 1772 ||| DRINKING potion of heal wounds.
  2143 | D:3      | 2143 ||| UPGRADING to +4 ring of protection.
  2144 | D:3      | 2144 ||| READING scroll labelled JIMOAG USUGUTH.
  2215 | D:3      | 2215 ||| READING scroll labelled QUXZAU LEMAA.
  2215 | D:3      | 2215 ||| ENCHANTING +0 shortbow.
  2216 | D:3      | 2216 ||| READING scroll labelled XITOKI MIOLLEH.
  2220 | D:3      | 2220 ||| DRINKING 2 pink potions.
  2221 | D:3      | 2221 ||| DROPPING potion of magic.
  2351 | D:4      | Found a basalt altar of Yredelemnul.
  2369 | D:4      | Reached skill level 5 in Ranged Weapons
  2414 | D:4      | Reached XP level 6. HP: 46/46 MP: 0/0
  2439 | D:4      | Found a sacrificial altar of Ru.
  2594 | D:4      | Reached skill level 3 in Dodging
  3041 | D:4      | 3041 ||| READING 3 scrolls of identify.
  3041 | D:4      | 3041 ||| IDENTIFYING metallic purple potion
  3042 | D:4      | 3042 ||| READING 2 scrolls of identify.
  3042 | D:4      | 3042 ||| IDENTIFYING scroll labelled ODOROK OGOSMUE
  3043 | D:4      | 3043 ||| READING scroll of identify.
  3043 | D:4      | 3043 ||| IDENTIFYING scroll labelled KIRAEHIKIC
  3044 | D:4      | 3044 ||| READING scroll labelled ATOXIL QITO.
  3044 | D:4      | 3044 ||| ENCHANTING +0 shortbow.
  3045 | D:4      | 3045 ||| DROPPING scroll of fear.
  3046 | D:4      | 3046 ||| DROPPING scroll of amnesia.
  3082 | D:5      | Entered Level 5 of the Dungeon
  3085 | D:5      | 3085 ||| STAIRDANCE
  3092 | D:5      | 3092 ||| STAIRDANCE
  3222 | D:5      | Noticed an ice beast
  3234 | D:5      | HP: 3/47 [ice beast (10)]
  3235 | D:5      | 3235 ||| READING scroll of teleportation.
  3236 | D:5      | 3236 ||| DRINKING potion of heal wounds.
  3343 | D:5      | Reached XP level 7. HP: 44/52 MP: 0/0
  3343 | D:5      | Learned a level 2 spell: Jinxbite
  3463 | D:5      | Noticed a water moccasin
  3465 | D:5      | 3465 ||| RETREEEEATING.
  3467 | D:5      | 3467 ||| RETREEEEATING.
  3478 | D:5      | Killed a water moccasin
  3479 | D:5      | Reached skill level 6 in Ranged Weapons
  3483 | D:5      | HP: 10/52 [gnoll bouda/+0 whip (5)]
  3483 | D:5      | HP: 1/52 [gnoll bouda/+0 whip (9)]
  3484 | D:5      | Slain by a gnoll bouda

Levels and vault maps discovered:
D:1:      erik_arrival_orb_chamber, layout_basic, minmay_tetromino_t4
D:2:      cheibrodos_old_hovel, layout_basic, serial_shops,
          nicolae_shop_waterfront
D:3:      layout_basic, nrook_mini_vaults
D:4:      layout_loops_ring, nicolae_overflow_crystal_walls,
          mainiacjoe_overflow_cross_hatched
D:5:      layout_loops_cross, minmay_stone_trees_small

Skill      XL: |  1  2  3  4  5  6  7 |
---------------+----------------------+-----
Ranged Weapons | 4 5 6 |  6.0
Armour         | 1 |  1.3
Fighting       | 3 4 |  4.1
Dodging        | 3 |  3.0
Stealth        | |  0.7

Action                     |  1- 3 |  4- 6 |  7- 9 || total
---------------------------+-------+-------+-------++-------
   Fire: Shortbow          |    68 |   241 |    26 ||   335
    Use: Scroll            |     3 |    11 |       ||    14
         Potion            |       |     5 |       ||     5
 Armour: Ring mail         |    23 |   195 |    20 ||   238
         Leather armour    |     3 |       |       ||     3
  Dodge: Dodged            |    26 |    82 |     6 ||   114

Table legend:
 A = Non-vault XP
 B = Vault XP
 C = Vault XP percentage of total XP
 D = Non-vault monster count
 E = Vault monster count
 F = Vault count percentage of total count
                 A         B        C        D         E       F
            +---------+---------+-------+---------+---------+-------
      Total |     788 |       5 |   0.6 |      75 |       5 |   6.2
            +---------+---------+-------+---------+---------+-------
        D:1 |      14 |       4 |  22.2 |       8 |       4 |  33.3
        D:2 |      60 |       1 |   1.6 |      15 |       1 |   6.2
        D:3 |      81 |       0 |   0.0 |      19 |       0 |   0.0
        D:4 |     269 |       0 |   0.0 |      24 |       0 |   0.0
        D:5 |     364 |       0 |   0.0 |       9 |       0 |   0.0
            +---------+---------+-------+---------+---------+-------
